Map: Cyber Forest LE

Players

BratOK

  • Race: Terran Terran
  • League: Master
  • Spawn Location: 11:00

Maplez - Winner!

  • Race: Protoss Protoss
  • League: Grandmaster
  • Spawn Location: 5:00

VOD

Have the link to the VOD?

Description

Time

  • Played on: July 29, 2019, 1:25 p.m.
  • Length: 13:01
Show
View Real Time Build Order
Export as new Build Order

BratOK Terran 

Build Orders:  

Get SALT Encoding   

  12  0:01  SCV  
  13  0:14  SCV  
  14  0:17  Supply Depot  
  14  0:26  SCV  
  15  0:39  SCV  
  15  0:41  Barracks  
  16  0:45  Refinery  
  16  0:51  SCV  
  17  1:03  SCV  
  18  1:15  SCV  
  19  1:32  Barracks Reactor  
  19  1:33  Orbital Command  
  19  1:47  Command Center  
  19  1:56  Supply Depot  
  19  1:59  SCV  
  20  2:09  Marine  
  20  2:10  Marine  
  20  2:15  Factory  
  22  2:23  SCV  
  22  2:27  Marine  
  22  2:29  Marine  
  25  2:35  SCV  
  25  2:46  Marine  
  25  2:47  Marine  
  25  2:48  SCV  
  28  3:02  Factory Tech Lab  
  28  3:07  SCV  
  28  3:10  Refinery  
  29  3:16  Marine x2  
  29  3:19  SCV  
  31  3:24  Siege Tank, Orbital Command  
  34  3:32  SCV  
  35  3:36  Barracks  
  35  3:37  Marine x2  
  36  3:45  SCV  
  36  3:51  SCV  
  36  3:55  Marine x2  
  38  3:57  SCV, Siege Tank  
  43  4:03  Supply Depot  
  43  4:05  SCV  
  43  4:09  SCV  
  45  4:13  Marine x2  
  47  4:18  SCV  
  47  4:21  SCV  
  49  4:25  Barracks Tech Lab  
  49  4:26  Supply Depot  
  49  4:27  Engineering Bay  
  49  4:32  Siege Tank  
  50  4:38  Marine x2  
  50  4:45  SCV  
  46  4:48  Stimpack  
  46  4:51  Supply Depot  
  46  4:52  Marine  
  44  4:55  SCV  
  44  4:56  Marine  
  47  5:00  Missile Turret  
  47  5:04  Marine  
  48  5:10  Marine, SCV x2  
  50  5:18  Siege Tank  
  53  5:23  SCV x2  
  55  5:30  Supply Depot, Marine x3  
  55  5:34  Terran Infantry Weapons Level 1  
  55  5:35  SCV  
  57  5:47  SCV x2  
  57  5:48  Marine x3  
  56  5:59  SCV x2  
  56  6:01  Siege Tank  
  60  6:06  Marine  
  60  6:11  SCV x2  
  60  6:13  Barracks  
  62  6:19  Supply Depot  
  62  6:23  SCV  
  63  6:29  Marine  
  63  6:30  Marauder, Marine  
  63  6:31  SCV  
  68  6:34  Refinery  
  68  6:35  SCV  
  69  6:41  Siege Tank  
  69  6:43  SCV  
  69  6:46  Supply Depot  
  72  6:49  Marine x2  
  72  6:50  SCV  
  74  6:55  SCV  
  71  7:02  Marine x2, Combat Shield  
  71  7:06  Marine  
  71  7:07  Marine  
  73  7:13  Bunker  
  73  7:16  SCV x2  
  73  7:19  Supply Depot  
  75  7:27  Bunker  
  75  7:28  SCV  
  72  7:30  Marine x4  
  72  7:32  Terran Infantry Armor Level 1  
  72  7:40  Bunker  
  72  7:47  SCV x2  
  72  7:48  Marine  
  72  7:50  Starport  
  72  7:51  Marine  
  72  7:54  Marine  
  65  7:59  SCV  
  65  8:03  Command Center  
  66  8:11  SCV  
  52  8:17  Marauder, Marine x2  
  56  8:22  Factory Reactor  
  56  8:24  Concussive Shells  
  56  8:34  Starport Reactor  
  56  8:37  Barracks  
  56  8:39  Barracks  
  56  8:40  Supply Depot, Marine x2  
  56  8:41  Marauder x2  
  62  8:44  SCV  
  62  8:45  SCV  
  64  8:50  Armory  
  64  8:55  Refinery  
  64  8:56  SCV  
  64  8:58  Marine x2  
  64  8:59  SCV  
  64  9:02  Marauder x2  
  72  9:03  Missile Turret  
  72  9:07  Widow Mine x2  
  76  9:13  Medivac x2  
  76  9:15  Ghost Academy  
  76  9:17  Orbital Command  
  80  9:22  Marine  
  80  9:23  Marauder  
  83  9:25  Orbital Command  
  83  9:28  Supply Depot  
  83  9:30  Supply Depot  
  83  9:31  Barracks Tech Lab  
  83  9:32  Barracks Reactor  
  83  9:36  SCV x2  
  84  9:55  Marauder x3, Terran Infantry Weapons Level 2  
  84  9:58  Medivac  
  92  10:00  Medivac  
  92  10:06  Marine  
  92  10:07  Marine  
  95  10:08  Widow Mine x2  
  99  10:16  Marauder x2  
  99  10:19  Marauder  
  99  10:20  Orbital Command  
  105  10:22  Marine x2  
  105  10:34  Viking x2  
  109  10:37  Marauder, SCV x2, Starport  
  109  10:38  Marauder  
  109  10:40  Marauder  
  109  10:58  Marine x2  
  109  10:59  Marauder x2  
  115  11:04  Missile Turret  
  115  11:12  Viking  
  115  11:13  Viking  
  115  11:14  SCV x2  
  115  11:15  SCV  
  115  11:16  Refinery  
  115  11:17  Refinery  
  114  11:29  Viking x2  
  118  11:35  Supply Depot x2  
  120  11:41  Ghost x3  
  120  11:42  Viking  
  124  11:53  Viking  
  126  11:59  Viking  
  126  12:00  Marine  
  123  12:09  Marine x2  
  123  12:11  Marauder x3  
  128  12:17  Marine  
  128  12:18  Marine  
  121  12:27  Marine  
  115  12:32  Marauder x2  
  115  12:33  Marauder, Marine  
  94  12:40  SCV x2  
Show
View Real Time Build Order
Export as new Build Order

Maplez Protoss - Winner!

Build Orders: 1 Gate Expand, Blink Stalkers 

Get SALT Encoding   

  12  0:00  Probe  
  13  0:12  Probe  
  14  0:19  Pylon  
  14  0:24  Probe  
  15  0:33  Probe  
  15  0:38  Gateway  
  15  0:41  Probe  
  16  0:47  Assimilator  
  17  0:52  Probe  
  18  1:15  Nexus  
  18  1:17  Zealot  
  18  1:30  Cybernetics Core  
  20  1:33  Probe  
  20  1:37  Assimilator  
  21  1:50  Pylon  
  21  1:51  Probe  
  22  2:03  Probe, Adept  
  22  2:04  Assimilator  
  25  2:16  Probe  
  26  2:24  Pylon  
  26  2:28  Warp Gate, Probe x2  
  28  2:35  Adept  
  25  2:46  Probe  
  25  2:47  Probe  
  29  2:58  Probe, Twilight Council  
  29  2:59  Probe  
  31  3:09  Probe  
  31  3:10  Probe  
  33  3:17  Probe  
  35  3:22  Probe  
  35  3:25  Probe  
  37  3:27  Blink  
  37  3:29  Gateway  
  37  3:30  Robotics Facility  
  38  3:37  Gateway  
  38  3:38  Probe x2  
  38  3:50  Probe x2  
  40  3:57  Pylon  
  40  4:04  Nexus  
  40  4:07  Probe x2  
  42  4:15  Stalker  
  44  4:17  Observer  
  44  4:22  Probe  
  44  4:23  Assimilator  
  47  4:25  Stalker  
  48  4:34  Stalker  
  46  4:42  Probe  
  39  4:48  Probe  
  39  4:50  Probe  
  39  4:52  Stalker  
  42  4:55  Stalker  
  42  4:59  Probe  
  45  5:00  Probe  
  45  5:04  Stalker  
  49  5:10  Probe  
  50  5:16  Probe, Stalker  
  50  5:17  Observer  
  50  5:18  Probe x2  
  54  5:22  Stalker  
  54  5:24  Probe  
  58  5:30  Probe  
  58  5:33  Probe  
  58  5:34  Probe  
  60  5:42  Probe  
  62  5:45  Probe  
  61  5:50  Probe  
  61  5:51  Stalker x2  
  61  5:52  Stalker  
  61  5:56  Probe  
  67  6:09  Probe  
  68  6:12  Probe, Forge  
  68  6:13  Forge  
  68  6:18  Probe  
  68  6:19  Charge  
  68  6:21  Immortal  
  68  6:23  Probe  
  65  6:27  Stalker  
  65  6:28  Stalker x2  
  65  6:29  Probe  
  75  6:34  Probe  
  75  6:35  Probe  
  77  6:40  Gateway  
  77  6:41  Gateway  
  75  6:49  Gateway  
  75  6:50  Gateway  
  75  6:51  Gateway  
  75  7:03  Stalker  
  75  7:10  Zealot  
  75  7:14  Pylon  
  77  7:15  Pylon  
  77  7:16  Pylon x2  
  77  7:17  Pylon x2  
  77  7:19  Pylon  
  77  7:28  Pylon  
  77  7:32  Probe x3  
  78  7:38  Zealot x4  
  78  7:39  Zealot  
  80  7:44  Probe x2  
  80  7:49  Zealot x3  
  86  7:53  Probe  
  86  7:56  Probe  
  64  7:59  Zealot x4  
  64  8:00  Zealot  
  73  8:10  Stalker x3  
  78  8:20  Forge x2  
  78  8:25  Assimilator  
  77  8:30  Robotics Facility  
  77  8:31  Robotics Bay  
  77  8:32  Pylon  
  77  8:37  Pylon  
  77  8:40  Sentry x2  
  77  8:41  Assimilator  
  79  8:42  Assimilator, Probe x2  
  79  8:43  Probe  
  82  8:51  Stalker x3  
  82  8:52  Protoss Ground Weapons Level 1  
  88  8:58  Extended Thermal Lance  
  88  8:59  Protoss Ground Armor Level 1  
  88  9:01  Colossus  
  88  9:02  Pylon  
  88  9:14  Colossus  
  100  9:32  Nexus  
  100  9:35  Pylon  
  100  9:38  Sentry  
  102  9:47  Probe x3  
  105  9:53  Pylon  
  105  9:54  Colossus  
  105  9:58  Pylon  
  105  9:59  Probe x2  
  113  10:04  Probe  
  113  10:05  Colossus  
  114  10:11  Probe x2  
  122  10:19  Zealot x3  
  122  10:20  Zealot  
  115  10:30  Stalker  
  115  10:31  Stalker  
  117  10:45  Photon Cannon  
  117  10:46  Stalker, Warp Prism  
  117  10:47  Stalker x2  
  117  10:49  Probe  
  124  10:52  Stalker  
  128  10:57  Probe  
  128  10:59  Probe  
  128  11:02  Stalker  
  128  11:03  Probe  
  133  11:15  Zealot  
  133  11:16  Zealot x4  
  136  11:38  Zealot x3  
  142  11:40  Zealot x2  
  146  11:48  Sentry x3  
  146  11:52  Templar Archives  
  152  12:03  Zealot  
  152  12:04  Zealot x4  
  156  12:09  Probe  
  156  12:13  Zealot  
  156  12:14  Zealot x2  
  163  12:26  Probe  
  128  12:44  Stalker x3  
  122  12:54  Zealot x5  
Tags
 
Add a new tag
Caveats
  • Supply blocks, unpowered buildings, or Contaminate may cause inaccurate times.
  • Supply counts are checked every 10 seconds.